Map: Simulacrum LE

Players

prospeKt - Winner!

  • Race: Zerg Zerg
  • League: Platinum
  • Spawn Location: 5:00

VOD

Have the link to the VOD?

Description

Time

  • Played on: June 5, 2020, 10:13 a.m.
  • Length: 17:31
Show
View Real Time Build Order
Export as new Build Order

prospeKt Zerg - Winner!

Build Orders:  

Get SALT Encoding   

  12  0:01  Drone  
  13  0:17  Overlord  
  13  0:24  Drone  
  14  0:42  Drone x2  
  14  0:48  Drone  
  17  1:15  Hatchery  
  17  1:19  Drone  
  17  1:23  Drone  
  18  1:44  Spawning Pool  
  18  1:45  Drone  
  18  1:51  Drone  
  19  2:03  Drone  
  19  2:07  Extractor  
  19  2:18  Drone  
  20  2:38  Drone  
  21  2:48  Overlord  
  21  2:56  Drone, Queen x2  
  26  3:12  Drone  
  26  3:13  Drone  
  26  3:19  Drone  
  29  3:28  Drone  
  30  3:38  Overlord  
  30  3:45  Drone  
  31  3:53  Queen  
  31  3:55  Drone  
  31  3:59  Drone  
  35  4:04  Overlord  
  35  4:10  Drone  
  35  4:11  Lair  
  35  4:18  Drone  
  37  4:26  Drone  
  38  4:33  Roach Warren  
  38  4:35  Drone x3  
  38  4:37  Evolution Chamber, Drone x3  
  42  4:42  Overlord  
  42  4:45  Drone  
  43  4:56  Drone  
  44  5:01  Drone  
  44  5:02  Extractor  
  44  5:03  Extractor  
  43  5:14  Drone x2  
  45  5:30  Roach x2  
  45  5:35  Roach x2  
  45  5:38  Overlord  
  45  5:39  Roach x2  
  57  5:40  Roach  
  59  5:59  Drone  
  60  6:11  Drone x3  
  60  6:18  Drone  
  60  6:19  Drone x4  
  68  6:20  Hatchery  
  68  6:21  Overlord x2  
  67  6:31  Drone  
  68  6:47  Hydralisk Den  
  67  6:51  Evolution Chamber  
  67  6:53  Drone x3  
  69  7:12  Drone  
  69  7:14  Drone  
  69  7:15  Drone x5  
  76  7:23  Zerg Missile Weapons Level 1  
  76  7:24  Glial Reconstitution  
  76  7:28  Roach  
  78  7:39  Drone  
  79  7:43  Overlord  
  79  7:44  Overlord x2  
  79  7:48  Drone x4  
  83  7:52  Drone  
  83  7:57  Zerg Ground Armor Level 1  
  84  8:02  Drone x2  
  86  8:10  Extractor x2  
  86  8:11  Drone  
  86  8:18  Drone x2  
  87  8:28  Hatchery  
  86  8:30  Drone x2  
  86  8:35  Drone  
  86  8:37  Drone  
  90  8:45  Extractor  
  89  8:56  Drone x3  
  92  9:04  Queen  
  94  9:28  Drone  
  95  9:30  Drone  
  95  9:31  Drone x5  
  95  9:35  Drone  
  95  9:39  Unknown  
  102  9:41  Drone  
  103  9:59  Infestation Pit  
  102  10:03  Overlord  
  102  10:04  Overlord x5  
  102  10:05  Overlord  
  102  10:09  Drone x3  
  105  10:10  Drone x2  
  105  10:11  Drone  
  105  10:19  Hydralisk  
  110  10:20  Hydralisk  
  112  10:51  Drone x2  
  112  10:53  Hatchery, Hydralisk x4  
  112  10:54  Hatchery, Hydralisk x9  
  138  11:12  Hydralisk  
  138  11:13  Hydralisk x8  
  156  11:24  Hatchery  
  155  11:31  Drone x2  
  155  11:36  Hydralisk x4  
  155  11:37  Hydralisk  
  155  11:38  Extractor x2  
  155  11:39  Overlord x2  
  165  11:40  Unknown  
  165  11:43  Zerg Missile Weapons Level 2, Zerg Ground Armor Level 2  
  165  11:48  Hatchery  
  164  12:38  Hydralisk x13  
  164  12:39  Hydralisk x3  
  196  12:40  Overlord  
  196  12:41  Overlord x2  
  196  13:06  Hydralisk x2  
  195  13:23  Drone x3  
  195  13:24  Drone  
  195  13:25  Spine Crawler  
  195  13:28  Spine Crawler x2  
  196  13:30  Spine Crawler  
  181  14:07  Hydralisk x10  
  199  14:10  Drone  
  199  14:18  Drone  
  199  14:20  Drone  
  200  14:54  Extractor  
  200  14:59  Drone x2, Extractor  
  186  16:01  Hydralisk  
  186  16:02  Hydralisk x6  
  200  16:22  Hatchery  
  200  16:25  Hatchery  
  200  16:29  Hatchery  
  197  16:30  Hatchery  
  197  16:39  Hydralisk x2  
  198  16:50  Drone x2  
Tags
 
Add a new tag
Caveats
  • Supply blocks, unpowered buildings, or Contaminate may cause inaccurate times.
  • Supply counts are checked every 10 seconds.